 Dungeon Crawl Stone Soup version 0.27-a0-1105-g946c659c87 (webtiles) character file.

Game seed: 2012403248573711250

100 siradein the Slasher (level 4, -3/33 HPs)
             Began as a Demonspawn Gladiator on Apr 30, 2021.
             Slain by an orc priest
             ... wielding a +0 flail
              (4 damage)
             ... on level 3 of the Dungeon.
             The game lasted 00:03:38 (2948 turns).

siradein the Slasher (Demonspawn Gladiator)         Turns: 2948, Time: 00:03:38

Health: -3/33      AC:  4    Str: 15    XL:     4   Next: 46%
Magic:  4/4        EV: 11    Int:  9    God:
Gold:   54         SH:  3    Dex: 15    Spells: 3/3 levels left

rFire    . . .     SeeInvis .   a - +0 long sword
rCold    . . .     Faith    .   e - +0 buckler
rNeg     . . .     Spirit   .   b - +0 leather armour
rPois    .         Reflect  .   c - +0 helmet
rElec    .         Harm     .   (no cloak)
rCorr    .         Rampage  .   (no gloves)
Will     .....                  (no boots)
Stlth    +.........             (no amulet)
HPRegen  0.11/turn              (no ring)
MPRegen  0.09/turn              (no ring)

@: no status effects
A: demonic magic 2
a: no special abilities


You were on level 3 of the Dungeon.
You visited 1 branch of the dungeon, and saw 3 of its levels.

You collected 54 gold pieces.

Inventory:

Hand Weapons
 a - a +0 long sword (weapon)
Missiles
 d - 3 throwing nets (quivered)
Armour
 b - a +0 leather armour (worn)
 c - a +0 helmet (worn)
 e - a +0 buckler (worn)
Scrolls
 f - a scroll of fear {unknown}
 g - 4 scrolls of identify {unknown}
 h - 2 scrolls of noise {unknown}
 i - a scroll of blinking {unknown}
 j - a scroll of magic mapping {unknown}
 k - a scroll of enchant weapon {unknown}
 l - a scroll of teleportation {unknown}


   Skills:
 - Level 2.0 Fighting
 + Level 4.8 Long Blades
 - Level 1.7 Throwing
 - Level 2.6 Dodging


You had 3 spell levels left.
You didn't know any spells.
Your spell library was empty.

Dungeon Overview and Level Annotations

Branches:
Dungeon (3/15)

Altars:
Gozag

Shops:
D:2 ?


Innate Abilities, Weirdness & Mutations

Spells you cast may paralyse nearby enemies.


Message History

The orc wizard hits you with a +0 dagger.
The orc wizard casts a spell at itself.
The orc wizard flickers and vanishes!
Deactivating autopickup; reactivate with Ctrl-A.
You closely miss something.
The orc priest casts a cantrip, but nothing happens.
Something hits you but does no damage.
You completely miss something. Something hits you.
You hit something. Something hits you but does no damage.
You hit something.
Reactivating autopickup.
You feel a bit more experienced. The orc closely misses you.
You hit the orc.
The orc is moderately wounded.
The orc closely misses you.
You barely miss the orc.
The orc is moderately wounded.
The orc hits you but does no damage.
You hit the orc.
You kill the orc!
The orc priest mumbles some strange prayers to Beogh against you.
Beogh smites you!
You hit the orc priest.
The orc priest is lightly wounded.
The orc priest hits you with a +0 flail!
You are too injured to fight recklessly!
You are too injured to fight recklessly!
You are too injured to fight recklessly!
You are too injured to fight recklessly!
You closely miss the orc priest.
The orc priest is lightly wounded.
The orc priest hits you with a +0 flail!
* * * LOW HITPOINT WARNING * * *
You hit the orc priest but do no damage.
The orc priest is lightly wounded.
The orc priest barely misses you.
You hit the orc priest but do no damage.
The orc priest is lightly wounded.
The orc priest hits you with a +0 flail.
You die...

....#.....###.#
..............####
...........[..>..#
....############.#
....# #.# ....#
#.# ....# #.#
##### #.# #@# #o#
#.# #.. ... ....
####


You could see an orc priest.

Vanquished Creatures
  An orc wizard (D:3)
  2 adders
  2 worms
  2 dart slugs
  2 orcs (D:3)
  5 ball pythons
  A bat (D:2)
  3 endoplasms
  A giant cockroach (D:1)
  A goblin (D:3)
  5 hobgoblins
  4 jackals (D:1)
  3 kobolds
  4 quokkas
  4 frilled lizards
  3 rats
43 creatures vanquished.

Notes
Turn   | Place    | Note
-------+----------+-------------------------------------------
     0 | D:1      | siradein the Demonspawn Gladiator began the quest for the
                  | Orb.
     0 | D:1      | Reached XP level 1. HP: 16/16 MP: 1/1
    84 | D:1      | Reached skill level 3 in Long Blades
   165 | D:1      | Gained mutation: Spells you cast may paralyse adjacent
                  | enemies. [demonic ancestry]
   165 | D:1      | Reached XP level 2. HP: 22/22 MP: 2/2
   251 | D:1      | You fall into a shaft and drop 1 floor!
   251 | D:2      | Found Metrel's Magic Scroll Shop.
   508 | D:2      | Found a faded altar of an unknown god.
  1081 | D:2      | Reached XP level 3. HP: 26/27 MP: 3/3
  1116 | D:2      | Reached skill level 4 in Long Blades
  1334 | D:2      | Found an opulent altar of Gozag.
  2441 | D:3      | Gained mutation: Spells you cast may paralyse nearby
                  | enemies. [demonic ancestry]
  2441 | D:3      | Reached XP level 4. HP: 29/33 MP: 4/4
  2946 | D:3      | HP: 1/33 [orc priest/+0 flail (11)]
  2948 | D:3      | Slain by an orc priest

Illustrated notes

Levels and vault maps discovered:
D:1:      wander_arrival_peaceful_grave, layout_basic, hex_medium,
          roderic_roman_lattice
D:2:      minmay_wonky_spiral, layout_basic, basic_altar,
          shapermc_ecumenical_altar_mp_ritualfount, serial_shops,
          nicolae_shop_waterfront
D:3:      layout_basic

Skill      XL: |  1  2  3 |
---------------+----------+-----
Long Blades    | 3 4 |  4.8
Fighting       | |  2.0
Throwing       | |  1.7
Dodging        | |  2.6

Action                   |  1- 3 |  4- 6 || total
-------------------------+-------+-------++-------
Melee: Long sword        |   100 |    25 ||   125
 Stab: Sleeping          |     1 |     1 ||     2
Armor: Leather armour    |    23 |     6 ||    29
Dodge: Dodged            |    45 |    12 ||    57
Block: Buckler           |    15 |     1 ||    16
       Rpst.: Long sword |    14 |     4 ||    18

Table legend: (Time is in decaauts)
 A = Elapsed time spent in this place.
 B = Non-inter-level travel time spent in this place.
 C = Inter-level travel time spent in this place.
 D = Time resting spent in this place.
 E = Time spent auto-exploring this place.
 F = Levels seen in this place.
 G = Mean time per level.
                   A        B        C        D        E       F      G
               +--------+--------+--------+--------+--------+-----+--------+
         Total |   2982 |   2877 |    105 |      0 |   2493 |   3 |  994.0 |
       Dungeon |   2982 |   2877 |    105 |      0 |   2493 |   3 |  994.0 |
               +--------+--------+--------+--------+--------+-----+--------+

Top non-repeatable levels by time:
     D:2: 1199 daAuts
     D:3: 901 daAuts
     D:1: 881 daAuts
